 Dungeon Crawl Stone Soup version 0.27.0 (webtiles) character file.

Game seed: 1635292354567811058

534 wakim the Frost Mage (level 7, -9/37 HPs)
             Began as a Gargoyle Ice Elementalist on July 31, 2021.
             Mangled by an orc warrior (20 damage)
             ... on level 4 of the Dungeon.
             The game lasted 00:10:22 (4671 turns).

wakim the Frost Mage (Gargoyle Ice Elementalist)    Turns: 4671, Time: 00:10:22

Health: -9/37      AC:  7    Str: 11    XL:     7   Next: 25%
Magic:  7/11       EV: 12    Int: 18    God:
Gold:   147        SH:  0    Dex: 10    Spells: 8/12 levels left

rFire    . . .     SeeInvis .   a - +1 mace
rCold    . . .     Faith    .   (no shield)
rNeg     + . .     Spirit   .   c - +0 robe
rPois    ∞         Reflect  .   j - +0 hat
rElec    +         Harm     .   e - +0 cloak
rCorr    .         Rampage  .   (no gloves)
Will     .....                  (no boots)
Stlth    ++........             (no amulet)
HPRegen  0.12/turn              (no ring)
MPRegen  0.12/turn              (no ring)

@: freezing walls
A: sickness immunity, AC +4, negative energy resistance 1, electricity
resistance, torment resistance 1, petrification resistance
a: no special abilities


You were on level 4 of the Dungeon.
You visited 1 branch of the dungeon, and saw 4 of its levels.

You collected 147 gold pieces.

Inventory:

Hand Weapons
 a - a +1 mace (weapon)
 d - a +1 hand axe of holy wrath
Missiles
 s - 225 stones
Armour
 c - a +0 robe (worn)
 e - a +0 cloak (worn)
 j - a +0 hat (worn)
Wands
 t - a wand of digging (2)
 v - a wand of flame (6)
 x - a wand of charming (3)
Scrolls
 Q - 2 scrolls of immolation {!r!r}
 T - a scroll of teleportation
Potions
 b - a potion of mutation {unknown}
 f - a potion of lignification {unknown}
 g - a potion of brilliance {unknown}
 h - a potion of attraction {unknown}
 A - 2 potions of ambrosia
 F - a potion of curing


   Skills:
 * Level 0.8 Fighting
 * Level 1.7 Dodging
 - Level 2.1 Stealth
 + Level 3.0 Spellcasting
 - Level 8.0 Ice Magic


You had 8 spell levels left.
You knew the following spells:

 Your Spells              Type           Power      Damage    Failure   Level
a - Freeze                Ice            100%       1d11      1%          1
b - Frozen Ramparts       Ice            62%        1d8       1%          3

Your spell library contained the following spells:

 Spells                   Type           Power      Damage    Failure   Level
 Ozocubu's Armour         Ice            31%        N/A       1%          3
 Hailstorm                Conj/Ice       17%        3d6       30%         4


Dungeon Overview and Level Annotations

Branches:
Dungeon (4/15)
 Temple: D:4-7

Altars:


Innate Abilities, Weirdness & Mutations

You are immune to sickness and miasma.
Your stone body is resilient. (AC +4)
You are immune to poison.
You resist negative energy. (rN+)
You are resistant to electric shocks. (rElec)
You are resistant to unholy torment.
You are immune to petrification.


Message History

You hear a distant slurping noise.
You now have 147 gold pieces (gained 14).
A hobgoblin comes into view.
Casting: Frozen Ramparts (safe; 1% risk of failure)
Confirm with . or Enter, or press ? or * to list all spells.
The walls around you are covered in ice.
The wall freezes the hobgoblin.
The wall freezes the hobgoblin.
The wall freezes the hobgoblin.
The hobgoblin hits you.
The wall freezes the hobgoblin.
You kill the hobgoblin!
The frozen ramparts melt away.
An orc warrior comes into view. It is wielding a +0 morningstar.
An orc priest comes into view. It is wielding a +0 trident.
The orc warrior shouts!
You hear a shout! x4
Casting: Frozen Ramparts (safe; 1% risk of failure)
Confirm with . or Enter, or press ? or * to list all spells.
The walls around you are covered in ice.
The wall freezes the orc warrior.
The orc warrior hits you with a +0 morningstar!
Casting: Frozen Ramparts (safe; 1% risk of failure)
Confirm with . or Enter, or press ? or * to list all spells.
You don't know that spell.
You hit the orc warrior but do no damage.
The orc warrior is lightly wounded.
The wall freezes the orc warrior.
The orc warrior hits you with a +0 morningstar!
* * * LOW HITPOINT WARNING * * *
The wall freezes the orc priest.
The orc priest barely misses you.
Casting: Frozen Ramparts (safe; 1% risk of failure)
Confirm with . or Enter, or press ? or * to list all spells.
Aiming: Freeze (safe; 1% risk of failure)
Press: ? - help, Shift-Dir - straight line, f - orc warrior
Aim: an orc warrior, wielding a +0 morningstar and wearing a +0 chain mail (moderately wounded)
You freeze the orc warrior.
The orc warrior is heavily wounded.
The wall freezes the orc warrior.
The orc warrior hits you with a +0 morningstar!!
Ouch! That really hurt!
You die...

## # # #. .. #.#.
o# #.#.## .#
#....##o#
#....@o.###
#.........####
#.............
##...#.##.###.#
####.#.# # #.#+##
##.###.[# #....##
#.## #.###.....##
##.###.###...>...##
##..#.###.........#


You could see an orc warrior and an orc priest.

Vanquished Creatures
  An ogre (D:4)
  A water moccasin skeleton (D:3)
  A hound (D:3)
  Ijyb (D:3)
  Jessica (D:2)
  Natasha (thrice) (D:3)
  A scorpion zombie (D:3)
  An orc wizard (D:3)
  A hound skeleton (D:4)
  Robin (D:3)
  6 adders
  An adder skeleton (D:4)
  4 dart slugs
  16 orcs
  8 ball pythons
  8 bats
  5 endoplasms
  3 giant cockroaches
  12 goblins
  6 hobgoblins
  4 jackals
  6 kobolds
  3 quokkas
  6 frilled lizards
  5 rats
105 creatures vanquished.

Notes
Turn   | Place    | Note
-------+----------+-------------------------------------------
     0 | D:1      | wakim the Gargoyle Ice Elementalist began the quest for the
                  | Orb.
     0 | D:1      | Reached XP level 1. HP: 10/10 MP: 3/3
   360 | D:1      | Reached XP level 2. HP: 15/15 MP: 3/5
  1037 | D:1      | Reached XP level 3. HP: 19/19 MP: 3/6
  1136 | D:1      | Learned a level 3 spell: Frozen Ramparts
  1643 | D:2      | Reached skill level 5 in Ice Magic
  1725 | D:2      | Reached XP level 4. HP: 24/24 MP: 4/8
  1981 | D:2      | Noticed Jessica
  1985 | D:2      | Killed Jessica
  2143 | D:3      | Reached XP level 5. HP: 28/28 MP: 5/9
  2612 | D:3      | Reached skill level 6 in Ice Magic
  3009 | D:3      | Noticed Natasha
  3017 | D:3      | Killed Natasha
  3018 | D:3      | Reached XP level 6. HP: 27/32 MP: 5/10
  3075 | D:3      | Found a faded altar of an unknown god.
  3127 | D:3      | Noticed Ijyb
  3138 | D:3      | Killed Ijyb
  3264 | D:3      | Noticed Robin
  3276 | D:3      | Killed Robin
  3619 | D:3      | Noticed Natasha
  3625 | D:3      | Killed Natasha
  3626 | D:3      | Reached skill level 7 in Ice Magic
  3854 | D:3      | Noticed Natasha
  3861 | D:3      | Killed Natasha
  4034 | D:4      | Reached skill level 8 in Ice Magic
  4034 | D:4      | Reached XP level 7. HP: 20/36 MP: 7/11
  4671 | D:4      | Mangled by an orc warrior

Illustrated notes

Levels and vault maps discovered:
D:1:      minmay_arrival_shattered_statue, layout_basic, minmay_tromino_v2
D:2:      layout_rooms, uniq_jessica
D:3:      layout_basic, basic_ecumenical_altar, lightli_corner_chamber,
          uniq_natasha, uniq_ijyb, uniq_robin
D:4:      layout_loops_corners, lightli_temple_of_fire, ebering_ghost_gozag

Skill      XL: |  1  2  3  4  5  6 |
---------------+-------------------+-----
Ice Magic      | 5 6 8 |  8.0
Spellcasting   | 3 |  3.0
Fighting       | |  0.8
Dodging        | |  1.7
Stealth        | |  2.1

Action                   |  1- 3 |  4- 6 |  7- 9 || total
-------------------------+-------+-------+-------++-------
Melee: Whip              |    14 |       |       ||    14
       Mace              |     2 |    55 |    14 ||    71
 Cast: Freeze            |    51 |    27 |     1 ||    79
       Frozen Ramparts   |       |    30 |     6 ||    36
Evoke: Wand              |       |     1 |       ||     1
  Use: Scroll            |       |     9 |       ||     9
Armor: Robe              |    13 |    29 |     7 ||    49
Dodge: Dodged            |    40 |    60 |     7 ||   107
